 Dungeon Crawl Stone Soup version 0.29.1-15-g9cfb28693d (webtiles) character file.

Game seed: 7184188631950150611

3189 leafyfresh the Fighter (level 9, 0/76 HPs)
             Began as an Octopode Delver on Mar 4, 2023.
             Was a Follower of Ashenzari.
             Slain by a vault guard
             ... wielding a +0 broad axe
              (16 damage)
             ... in a bailey.
             The game lasted 00:14:08 (7795 turns).

leafyfresh the Fighter (Octopode Delver)            Turns: 7795, Time: 00:14:09

Health: 0/76       AC:  5    Str: 11    XL:     9   Next: 96%
Magic:  13/13      EV: 16    Int: 21    God:    Ashenzari [*.....]
Gold:   188        SH:  0    Dex: 15    Spells: 12/14 levels left

rFire   . . .      SeeInvis +   F - +6 hammer "Xonun" {drain, rPois Int+6}
rCold   . . .      Faith    .   (no shield)
rNeg    . . .      Spirit   .   (helmet restricted)
rPois   +          Reflect  .   A - amulet of magic regeneration
rElec   .          Harm     .   q - ring of the Esoteric Adversity {SInv, Elem, Melee} (curse)
rCorr   .          Rampage  .   t - ring "Repose of Ashenzari" {AC+4, Melee, Fort} (curse)
Will    .....                   (no ring)
Stlth   ++++++....              (no ring)
HPRegen 0.22/turn               (no ring)
MPRegen 0.53/turn               (no ring)
                                (no ring)
                                (no ring)

@: studying Fighting
A: almost no armour, amphibious, 8 rings, camouflage 1, gelatinous body 1,
nimble swimmer 1, tentacles
a: Renounce Religion, Shatter the Chains


You were in a bailey.
You worshipped Ashenzari.
Ashenzari was aware of your devotion.
You visited 2 branches of the dungeon, and saw 8 of its levels.
You also visited: Bailey.

You collected 188 gold pieces.

Inventory:

Hand Weapons
 a - a +0 short sword
 g - a +0 triple sword
 m - a +0 dagger of holy wrath
 B - a +0 mace of protection
 D - a +4 quarterstaff of chaos
 F - the +6 hammer "Xonun" (weapon) {drain, rPois Int+6}
   (You found it on level 6 of the Dungeon)

   A truly terrible weapon, it drains the life of any living foe it strikes.
   Int:       It affects your intelligence (+6).
   rPois:     It protects you from poison.
Missiles
 e - 3 throwing nets (quivered)
Armour
 d - a scarf of resistance
 E - a +1 cloak
Jewellery
 q - the cursed ring of the Esoteric Adversity (left tentacle) {SInv, Elem, Melee}
   (You found it on level 2 of the Dungeon)

   [ring of see invisible]

   SInv:      It lets you see invisible.
   It has a curse which improves the following skills: Elements: Fire Magic, Ice
   Magic, Air Magic and Earth Magic.
   Melee Combat: Short Blades, Long Blades, Axes, Maces & Flails, Polearms,
   Staves and Unarmed Combat.
 t - the cursed ring "Repose of Ashenzari" (right tentacle) {AC+4, Melee, Fort}
   (You found it on level 1 of the Dungeon)

   [ring of protection]

   AC:        It affects your AC (+4).
   It has a curse which improves the following skills: Melee Combat: Short
   Blades, Long Blades, Axes, Maces & Flails, Polearms, Staves and Unarmed
   Combat.
   Fortitude: Shields.
 A - an amulet of magic regeneration (around mantle)
Wands
 f - a wand of digging (2)
 y - a wand of quicksilver (9)
 C - a wand of roots (8)
Scrolls
 b - a scroll of fog
 h - 3 scrolls of amnesia
 i - 2 scrolls of vulnerability
 k - a scroll of enchant weapon
 n - 2 scrolls of teleportation
 p - a scroll of poison
 r - a scroll of noise
 s - a scroll of identify
Potions
 o - 2 potions of ambrosia
 v - a potion of invisibility
 w - a potion of brilliance


   Skills:
 + Level 13.1 Fighting
 - Level 2.0(3.0) Short Blades
 - Level 6.6 Dodging
 - Level 9.8 Stealth
 - Level 3.3 Spellcasting


You had 12 spell levels left.
You knew the following spells:

 Your Spells              Type           Power      Damage    Failure   Level
a - Passwall              Tmut/Erth      2%         N/A       19%         2

Your spell library contained the following spells:

 Spells                   Type           Power      Damage    Failure   Level
 Sandblast                Erth           6%         2d5       12%         1
 Gell's Gravitas          Tloc           3%         N/A       36%         3
 Inner Flame              Hex/Fire       3%         N/A       36%         3
 Lesser Beckoning         Tloc           3%         N/A       36%         3
 Stone Arrow              Conj/Erth      6%         3d7       36%         3
 Teleport Other           Tloc           3%         N/A       36%         3
 Cause Fear               Hex            1%         N/A       78%         4
 Fulminant Prism          Conj/Hex       1%         3d6       78%         4
 Iskenderun's Mystic Bla  Conj/Tloc      3%         2d3       78%         4
 Lee's Rapid Deconstruct  Erth           1%         3d5*      98%         5
 Summon Forest            Summ/Tloc      1%         N/A       98%         5
 Eringya's Noxious Bog    Tmut/Pois      1%         N/A       100%        6
 Summon Hydra             Summ           1%         N/A       100%        7
 Discord                  Hex            1%         N/A       100%        8


Dungeon Overview and Level Annotations

Branches:
Dungeon (7/15)             Temple (1/1) D:5          Bailey (1/1)

Altars:
Ashenzari
Cheibriados
Elyvilon
Fedhas
Gozag
Kikubaaqudgha
Makhleb
Qazlal
Sif Muna
Wu Jian
Xom
Yredelemnul
The Shining One

Annotations:
Bailey Prince Ribbit


Innate Abilities, Weirdness & Mutations

You cannot wear most types of armour.
You are amphibious.
You can wear up to eight rings at the same time.
Your skin changes colour to match your surroundings (Stealth+).
Your rubbery body absorbs attacks. (AC +1, EV +1)
You are camouflaged when in or above water. (Stealth+)
You have tentacles for arms and can constrict up to eight enemies at once.


Message History

The hobgoblin misses you. The hobgoblin closely misses you.
Your Fighting skill increases to level 13!
Unknown command.
You completely miss the hobgoblin. Your grab misses the hobgoblin.
The hobgoblin closely misses you.
A vault guard comes into view. It is wielding a +0 broad axe.
You barely miss the hobgoblin.
The vault guard shouts!
You grab the hobgoblin. You constrict the hobgoblin.
The hobgoblin hits you with a +0 hand axe.
The hobgoblin barely misses you.
You hit the hobgoblin. You drain the hobgoblin.
You kill the hobgoblin!
Prince Ribbit blinks!
Prince Ribbit hits you!
Things that are here:
a +0 hand axe; a +0 leather armour You miss Prince Ribbit.
You grab Prince Ribbit. You constrict Prince Ribbit. Prince Ribbit hits you!
* * * LOW HITPOINT WARNING * * *
Prince Ribbit barely misses you.
As you read the scroll of teleportation, it crumbles to dust.
You feel strangely unstable.
You constrict Prince Ribbit. Prince Ribbit barely misses you.
Unknown command.
You release your grip on Prince Ribbit.
Prince Ribbit hits you but does no damage.
Prince Ribbit completely misses you.
Prince Ribbit blinks!
The vault guard hits you with a +0 broad axe!
* * * LOW HITPOINT WARNING * * *
Your surroundings suddenly seem different.
A vault guard comes into view. It is wielding a +0 broad axe.
Found a +0 battleaxe and 20 gold pieces.
As you open the door, it creaks loudly!
The vault guard shouts!
There is an open door here.
You close the door.
Something unseen breaks down the door.
The vault guard hits you with a +0 broad axe!
You die...

###### #~.'.###
#~~..#≈.~## #~..p~#≈.~~##
#...~##≈.~~~#
#########$)###≈~p.~##
##....#≈≈####≈≈~.~.##
##.....#~~≈≈≈@p~~.~.#
#...#..'..~~~~F~....'..
#...#..#)†..........#...
#..##..#≈≈†~.~......##..
#...#######≈~...~.~.~###
#####)......##≈~~~~~~~~~≈#
#...##)..).)#≈~~~~~~~~~≈##
..∩.[')...#)##≈≈~~~~~≈≈#
....)######..###≈≈≈≈≈#


You could see 2 vault guards and Prince Ribbit.

Vanquished Creatures
  Grinder (D:3)
  7 humans (Bailey)
  An ice beast (D:6)
  3 black bears
  An ogre (D:6)
  A necrophage (D:6)
  7 bullfrogs (Bailey)
  A scorpion (D:6)
  3 wights (D:6)
  A howler monkey (D:5)
  5 hounds
  2 orc priests
  Crazy Yiuf (D:6)
  6 iguanas
  Natasha (thrice) (D:3)
  5 orc wizards
  3 adders
  10 gnolls
  An ufetubus (D:4)
  A worm (D:3)
  3 dart slugs
  22 orcs
  10 endoplasms
  4 giant cockroaches
  11 goblins
  7 hobgoblins
  4 jackals (D:1)
  2 quokkas
  7 ball pythons
  5 bats
  2 frilled lizards
  5 kobolds
  6 rats
151 creatures vanquished.

Notes
Turn   | Place    | Note
-------+----------+-------------------------------------------
     0 | D:5      | leafyfresh the Octopode Delver began the quest for the Orb.
     0 | D:5      | Reached XP level 1. HP: 16/16 MP: 1/1
    15 | D:5      | Noticed a howler monkey
    21 | D:5      | Noticed an iguana
    29 | D:5      | Killed a howler monkey
    30 | D:5      | Reached XP level 2. HP: 11/21 MP: 2/2
    30 | D:5      | Reached XP level 3. HP: 13/26 MP: 3/3
    39 | D:5      | Reached XP level 4. HP: 18/33 MP: 4/4
   412 | D:5      | Reached skill level 4 in Fighting
   412 | D:5      | Reached XP level 5. HP: 12/37 MP: 5/5
   942 | D:5      | Found a staircase to the Ecumenical Temple.
  1010 | Temple   | Entered the Ecumenical Temple
  1081 | Temple   | Became a worshipper of Ashenzari the Shackled
  1108 | D:5      | Reached XP level 6. HP: 44/44 MP: 6/6
  1130 | D:5      | Noticed a black bear
  1144 | D:5      | Killed a black bear
  1885 | D:4      | Reached skill level 5 in Fighting
  1922 | D:4      | Reached XP level 7. HP: 38/50 MP: 7/7
  2311 | D:3      | Noticed Natasha
  2320 | D:3      | Killed Natasha
  2878 | D:3      | Noticed Grinder
  2887 | D:3      | Killed Grinder
  2888 | D:3      | Reached skill level 5 in Dodging
  2939 | D:3      | Noticed Natasha
  2947 | D:3      | Killed Natasha
  3038 | D:3      | Found a blossoming altar of Fedhas.
  3294 | D:2      | Learned a level 2 spell: Passwall
  3811 | D:1      | Reached * piety under Ashenzari
  4578 | D:3      | Noticed Natasha
  4588 | D:3      | Killed Natasha
  4785 | D:4      | Reached XP level 8. HP: 39/57 MP: 8/8
  5087 | D:3      | Reached skill level 6 in Fighting
  5457 | D:6      | Reached skill level 1 in Spellcasting
  5958 | D:6      | Identified a scroll of acquirement
  6001 | D:6      | Reached skill level 7 in Fighting
  6171 | D:6      | Reached XP level 9. HP: 62/66 MP: 13/15
  6240 | D:6      | Found a runed translucent door.
  6240 | D:6      | Identified the +6 hammer "Xonun" {drain, rPois Int+6}
  6241 | D:6      | Noticed Crazy Yiuf
  6450 | D:6      | Killed Crazy Yiuf
  6758 | D:6      | Acquired a manual of Fighting
  7139 | D:7      | Found a flagged portal.
  7154 | Bailey   | Entered a bailey
  7162 | Bailey   | Reached skill level 8 in Fighting
  7200 | Bailey   | Reached skill level 9 in Fighting
  7234 | Bailey   | Reached skill level 10 in Fighting
  7244 | Bailey   | Reached skill level 11 in Fighting
  7604 | Bailey   | Reached skill level 12 in Fighting
  7772 | Bailey   | Noticed Prince Ribbit
  7776 | Bailey   | Reached skill level 13 in Fighting
  7776 | Bailey   | Noticed a vault guard
  7784 | Bailey   | Noticed a vault guard
  7795 | Bailey   | Slain by a vault guard

Illustrated notes

Levels and vault maps discovered:
D:1:      roderic_chinese_lattice_arrival, layout_basic
D:2:      layout_loops_ring
D:3:      layout_loops_ring, old_standard_altar, uniq_grinder, uniq_natasha
D:4:      layout_cave_pools, nrook_campfire, minmay_surrounded
D:5:      layout_basic, minmay_temple_entry_glassed_door
D:6:      layout_loops_ring, uniq_crazy_yiuf_cottage
D:7:      minmay_blocky_corners, layout_rooms, nicolae_ru_awakened_eye,
          mainiacjoe_overflow_alcove_1, enter_bailey_4, dk_rats_in_the_wall
Temple:   nicolae_temple_hex_pool
Bailey:   bailey_axe_froggy_fort_hellmonk, bailey

Skill      XL: |  1  2  3  4  5  6  7  8  9 |
---------------+----------------------------+-----
Stealth        | 7 8 9 |  9.8
Dodging        | 3 4 5 6 |  6.6
Fighting       | 4 5 7 13 | 13.1
Spellcasting   | 3 |  3.3
Short Blades   | |  2.0

Action                   |  1- 3 |  4- 6 |  7- 9 || total
-------------------------+-------+-------+-------++-------
Melee: Short sword       |    16 |    87 |   126 ||   229
       Tentacles         |     4 |    28 |    69 ||   101
       Constrict         |     3 |    20 |    63 ||    86
       Punch             |       |     2 |     5 ||     7
       Hand axe          |       |       |    63 ||    63
       Mace              |       |       |    96 ||    96
Invok: Curse Item        |       |       |     3 ||     3
       Shatter the Chain |       |       |     1 ||     1
Evoke: Wand              |       |     1 |       ||     1
  Use: Potion            |       |       |     8 ||     8
       Scroll            |       |       |     4 ||     4
 Stab: Sleeping          |       |     7 |    39 ||    46
       Invisible         |       |       |     2 ||     2
Armor: Skin              |     1 |     4 |    48 ||    53
Dodge: Dodged            |     9 |    48 |   237 ||   294
